 Dungeon Crawl Stone Soup version 0.27-a0-1193-g8631133539 (webtiles) character file.

Game seed: 7428034425275476347

378255 SJWr the Brawler (level 21, -1/232 HPs)
             Began as a Troll Monk on May 20, 2021.
             Was the Champion of Okawaru.
             Splashed by a deep elf sorcerer's acid (9 damage)
             ... on level 3 of the Elven Halls on May 27, 2021.
             The game lasted 04:25:48 (42006 turns).

SJWr the Brawler (Troll Monk)                      Turns: 42006, Time: 04:25:48

Health: -1/232     AC: 25    Str: 32    XL:     21   Next: 84%
Magic:  26/26      EV: 11    Int:  6    God:    Okawaru [******]
Gold:   4936       SH: 19    Dex:  8    Spells: 20/20 levels left

rFire    + + .     SeeInvis +     - Unarmed
rCold    + + .     Faith    .   N - +2 kite shield {AC+3}
rNeg     . . .     Spirit   .   X - +0 gold dragon scales
rPois    +         Reflect  +   Q - +1 hat of Honour {Will+++ Regen+ Dex-4}
rElec    .         Harm     .   r - +2 cloak {rC+}
rCorr    .         Rampage  .   (gloves unavailable)
Will     +++++                  (boots unavailable)
Stlth    ..........             T - amulet of Unoeliak {Reflect Slay+5 SH+5}
HPRegen  2.48/turn              E - +4 ring of evasion
MPRegen  0.20/turn              g - ring "Wuptuhit" {rF+ Will+ SInv}

@: corroded, studying Shields
A: large, unfitting armour, claws 3, regeneration 1, shaggy fur 1, tough skin 1
}: 2/15 runes: decaying, gossamer
a: Renounce Religion, Heroism, Finesse


You were on level 3 of the Elven Halls.
You worshipped Okawaru.
Okawaru was exalted by your worship.
You visited 8 branches of the dungeon, and saw 39 of its levels.
You also visited: Bailey and Ice Cave.

You collected 6346 gold pieces.
You spent 1410 gold pieces at shops.


Innate Abilities, Weirdness & Mutations

You are too large for most types of armour.
You have claws for hands.
Your natural rate of healing is unusually fast.
You are covered in fur. (AC +1)
You have tough skin. (AC +1)


   Skills:
 - Level 18.9 Fighting
 * Level 10.3 Throwing
 + Level 14.6 Armour
 - Level 11.5 Dodging
 - Level 1.0 Stealth
 - Level 9.0 Shields
 - Level 20.2 Unarmed Combat
 - Level 8.0 Invocations
 - Level 5.1 Evocations


You had 20 spell levels left.
You didn't know any spells.
Your spell library contained the following spells:

 Spells                   Type           Power      Damage    Failure   Level
 Animate Skeleton         Necr           0%         N/A       100%        1
 Apportation              Tloc           0%         N/A       100%        1
 Beastly Appendage        Tmut           0%         N/A       100%        1
 Corona                   Hex            0%         N/A       100%        1
 Freeze                   Ice            0%         1d3       100%        1
 Pain                     Necr           0%         1d4       100%        1
 Summon Small Mammal      Summ           0%         N/A       100%        1
 Blink                    Tloc           N/A        N/A       100%        2
 Call Imp                 Summ           0%         N/A       100%        2
 Poisonous Vapours        Pois/Air       0%         N/A       100%        2
 Slow                     Hex            0%         N/A       100%        2
 Wereblood                Tmut           0%         N/A       100%        2
 Call Canine Familiar     Summ           0%         N/A       100%        3
 Confusing Touch          Hex            0%         N/A       100%        3
 Conjure Flame            Conj/Fire      0%         6-21      100%        3
 Frozen Ramparts          Ice            0%         1d2       100%        3
 Gell's Gravitas          Tloc           0%         N/A       100%        3
 Inner Flame              Hex/Fire       0%         N/A       100%        3
 Lesser Beckoning         Tloc           0%         N/A       100%        3
 Mephitic Cloud           Conj/Pois/Air  0%         N/A       100%        3
 Ozocubu's Armour         Ice            0%         N/A       100%        3
 Portal Projectile        Hex/Tloc       0%         N/A       100%        3
 Spider Form              Tmut/Pois      0%         N/A       100%        3
 Summon Guardian Golem    Hex/Summ       0%         N/A       100%        3
 Teleport Other           Tloc           0%         N/A       100%        3
 Vampiric Draining        Necr           0%         2d6       100%        3
 Animate Dead             Necr           0%         N/A       100%        4
 Cause Fear               Hex            0%         N/A       100%        4
 Fulminant Prism          Conj/Hex       0%         3d6       100%        4
 Hailstorm                Conj/Ice       0%         3d3       100%        4
 Ice Form                 Ice/Tmut       0%         N/A       100%        4
 Leda's Liquefaction      Hex/Erth       0%         N/A       100%        4
 Petrify                  Tmut/Erth      0%         N/A       100%        4
 Sticky Flame             Conj/Fire      0%         2d3       100%        4
 Summon Ice Beast         Ice/Summ       0%         N/A       100%        4
 Summon Lightning Spire   Summ/Air       0%         N/A       100%        4
 Agony                    Necr           0%         N/A       100%        5
 Hydra Form               Tmut           0%         N/A       100%        5
 Irradiate                Conj/Tmut      0%         3d13      100%        5
 Lightning Bolt           Conj/Air       0%         1d11      100%        5
 Manifold Assault         Tloc           0%         N/A       100%        5
 Metabolic Englaciation   Hex/Ice        0%         N/A       100%        5
 Silence                  Hex/Air        0%         N/A       100%        5
 Summon Forest            Summ/Tloc      0%         N/A       100%        5
 Summon Mana Viper        Hex/Summ       0%         N/A       100%        5
 Yara's Violent Unravell  Hex/Tmut       0%         3d3       100%        5
 Blade Hands              Tmut           0%         N/A       100%        6
 Conjure Ball Lightning   Conj/Air       0%         3x3d6     100%        6
 Freezing Cloud           Conj/Ice/Air   0%         6-21      100%        6
 Shadow Creatures         Summ           N/A        N/A       100%        6
 Statue Form              Tmut/Erth      0%         N/A       100%        6
 Dragon Form              Tmut           0%         N/A       100%        7
 Orb of Destruction       Conj           0%         N/A       100%        7
 Summon Hydra             Summ           0%         N/A       100%        7
 Tornado                  Air            0%         N/A       100%        9

Inventory:

Hand Weapons
 D - the +7 captain's cutlass {speed, disarm}
   (You found it on level 9 of the Dungeon)

   Attacks with this weapon are significantly faster.
Missiles
 t - 3 curare-tipped darts {=f}
 y - 12 silver javelins (quivered)
 K - 30 large rocks {=f}
 Z - 3 boomerangs of dispersal {=f}
Armour
 r - a +2 cloak of cold resistance (worn)
 N - a +2 kite shield of protection (worn)
 Q - the +1 hat of Honour (worn) {Will+++ Regen+ Dex-4}
   (Okawaru gifted it to you on level 3 of the Vaults)

   It affects your dexterity (-4).
   It increases your rate of health regeneration.
   It greatly increases your willpower.
 X - +0 gold dragon scales (worn)
Jewellery
 f - a ring of protection from fire
 g - the ring "Wuptuhit" (right claw) {rF+ Will+ SInv}
   (You took it off a fire giant on level 4 of the Vaults)

   [ring of see invisible]

   It protects you from fire.
   It lets you see invisible.
   It increases your willpower.
 C - a ring of ice
 E - a +4 ring of evasion (left claw)
 F - the ring of the Mage {Wiz Will++ Int+3}
   (You found it on level 4 of the Vaults)

   [ring of wizardry]

   It improves your spell success rate.
   It affects your intelligence (+3).
   It greatly increases your willpower.
 L - a ring of flight
 R - a ring of resist corrosion
 T - the amulet of Unoeliak (around neck) {Reflect Slay+5 SH+5}
   (You bought it in a shop on level 2 of the Orcish Mines)

   [amulet of reflection]

   It reflects blocked missile attacks.
   It affects your accuracy and damage with ranged weapons and melee attacks
   (+5).
   It affects your SH (+5).
Wands
 d - a wand of digging (5)
 s - a wand of flame (34)
 w - a wand of acid (20)
 x - a wand of paralysis (45)
 H - a wand of iceblast (21)
Scrolls
 b - 2 scrolls of blinking
 j - 12 scrolls of teleportation {@r4}
 k - a scroll of summoning
 p - 4 scrolls of enchant weapon
 A - 5 scrolls of fog
 G - 4 scrolls of fear
 I - 2 scrolls of enchant armour
 J - 17 scrolls of identify {@r1}
 Y - a scroll of acquirement
Potions
 a - 9 potions of haste {@q3}
 c - 9 potions of mutation
 e - 5 potions of invisibility
 h - a potion of cancellation
 l - 7 potions of ambrosia
 m - 12 potions of curing {@q1}
 n - a potion of resistance
 o - 3 potions of flight
 q - 10 potions of heal wounds {@q2}
 U - 2 potions of might
 V - a potion of berserk rage {!q}
Miscellaneous
 i - a piece from Xom's chessboard (15/15)
 v - a condenser vane
 B - a tin of tremorstones (2/2)
 M - a phial of floods

Dungeon Overview and Level Annotations

Branches:
Dungeon (15/15)            Temple (1/1) D:4            Lair (6/6) D:8
  Swamp (4/4) Lair:4       Spider (4/4) Lair:4        Slime (0/5) Lair:6
    Orc (2/2) D:9             Elf (3/3) Orc:2        Vaults (4/5) D:13
  Crypt (0/3) Vaults:3     Depths (0/5) D:15         Bailey (visited)
  IceCv (visited)

Altars:
Ashenzari
Cheibriados
Dithmenos
Elyvilon
Fedhas
Gozag
Hepliaklqana
Kikubaaqudgha
Makhleb
Nemelex Xobeh
Okawaru
Qazlal
Ru
Sif Muna
Trog
Uskayaw
Vehumet
Wu Jian
Xom
Yredelemnul
Zin
The Shining One

Shops:
D:5 !   D:13 =   D:15 [   Orc:2 :==*((*?[   Elf:2 ?   Vaults:1 :   Vaults:2 !

Annotations:
D:8 2 transporters, Grum
Lair:3 3 runed translucent doors, Ruicvywi's ghost, journeyman OgTm
Lair:6 exclusion: door
Elf:2 1 runed translucent door
Elf:3 1 exclusion
Vaults:2 2 runed translucent doors, DizzySkin's ghost, veteran MiBe

#...#...#,,,,,,.....#.
#...#...#,,,,,,.....#.
#...#...#,,,,,,.....'.
#...#...#############.
#...'.................
#..<#.................
#...#....5............
#...##..e5###e..##..##
#....@.e.23e1.3.(..e..
#....)..5))4........))
#...#'##1e..##########
#...#....#..#........#
#...#....#..#........#
#...#....#..#..##'#..#
#...#....#..#..#..#..#
#...#....'..#..#..+..#
#...#....#..#..#'##..#


You could see a Hell Sentinel (summoned), a Brimstone Fiend (summoned), a deep
elf annihilator (empowered), a blizzard demon (summoned), 2 deep elf sorcerers,
a deep elf demonologist (empowered), a rust devil (summoned), a ynoxinul
(summoned) and 3 ufetubi.


Message History

Something tries to feed on your intellect!
The deep elf sorcerer hits you but does no damage.
You closely miss the deep elf sorcerer.
The deep elf sorcerer is almost dead.
The Brimstone Fiend calls on the powers of darkness!
Your body is wracked with pain!
* * * LOW HITPOINT WARNING * * *
The deep elf demonologist convulses!
The deep elf sorcerer convulses!
The deep elf high priest convulses!
The deep elf sorcerer convulses!
The deep elf annihilator convulses!
You block the ynoxinul's attack.
The deep elf annihilator casts a spell at you.
The bolt of lightning misses you.
The bolt of lightning hits the blizzard demon.
The blizzard demon completely resists.
The blizzard demon waves its arms in wide circles.
The air twists around and strikes you!
* * * LOW HITPOINT WARNING * * *
Unknown command.
Blink to where?
Press: ? - help, Dir - move target
As you read the scroll of blinking, it crumbles to dust.
The ynoxinul gestures.
The deep elf annihilator points at you and mumbles some strange words.
The crystal spear hits you!!!
* * * LOW HITPOINT WARNING * * *
The deep elf sorcerer casts a spell at you.
The bolt of acid hits you!
* * * LOW HITPOINT WARNING * * *
You are splashed with acid!
You die...

Skill      XL: |  1  2  3  4  5  6  7  8  9 10 11 12 13 14 15 16 17 18 19 20 21 |
---------------+----------------------------------------------------------------+-----
Fighting       | 3 4 5 6 7 8 10 11 13 15 17 18 | 18.9
Dodging        | 3 4 5 6 7 8 10 11 | 11.5
Unarmed Combat | 4 5 6 8 9 10 12 13 15 17 19 20 | 20.2
Invocations    | 1 2 3 4 5 7 8 |  8.0
Throwing       | 3 5 8 9 10 | 10.3
Evocations     | 5 |  5.1
Shields        | 2 8 9 |  9.0
Armour         | 4 8 11 12 13 14 | 14.6
Stealth        | |  1.0

Action                   |  1- 3 |  4- 6 |  7- 9 | 10-12 | 13-15 | 16-18 | 19-21 || total
-------------------------+-------+-------+-------+-------+-------+-------+-------++-------
Melee: Unarmed           |    38 |   127 |   222 |   502 |  1018 |   966 |  1218 ||  4091
       Punch             |       |     4 |     7 |    22 |   121 |    15 |       ||   169
       Cutlass           |       |       |       |     3 |     9 |       |       ||    12
Throw: Stone             |    63 |    95 |   119 |   216 |     2 |       |       ||   495
       Dart              |       |       |    18 |       |       |    41 |    10 ||    69
       Boomerang         |       |       |     8 |    83 |   282 |   792 |    45 ||  1210
       Javelin           |       |       |       |     8 |    25 |    38 |   114 ||   185
       Large rock        |       |       |       |     6 |    15 |    10 |       ||    31
       Throwing net      |       |       |       |       |     1 |     1 |       ||     2
Invok: Heroism           |       |       |     5 |     7 |    27 |    10 |     4 ||    53
       Finesse           |       |       |       |     2 |     7 |     1 |       ||    10
Evoke: Wand              |       |       |     3 |     3 |    15 |    20 |     6 ||    47
       Tin of tremorston |       |       |       |       |       |     2 |     4 ||     6
  Use: Scroll            |       |     7 |     8 |    10 |     9 |     7 |     5 ||    46
       Potion            |       |       |       |     3 |     8 |     5 |       ||    16
 Stab: Petrified         |       |       |       |     2 |       |       |       ||     2
       Distracted        |       |       |       |     1 |       |       |       ||     1
       Paralysed         |       |       |       |       |     6 |       |       ||     6
       Held in net/web   |       |       |       |       |     3 |       |       ||     3
       Sleeping          |       |       |       |       |     5 |       |     5 ||    10
       Invisible         |       |       |       |       |     1 |       |       ||     1
Armor: Robe              |     7 |    31 |    44 |    61 |    34 |       |       ||   177
       Troll leather arm |       |       |       |       |   155 |       |       ||   155
       Shadow dragon sca |       |       |       |       |    52 |   314 |   241 ||   607
       Gold dragon scale |       |       |       |       |       |       |    41 ||    41
Dodge: Dodged            |     9 |    64 |   139 |   237 |   750 |   314 |   228 ||  1741
Block: Other             |       |       |       |       |    65 |    19 |       ||    84
       Reflection        |       |       |       |       |    20 |    26 |    85 ||   131
       Kite shield       |       |       |       |       |       |   624 |   686 ||  1310

Levels and vault maps discovered:
D:1:      lightli_arrival_chessboard, layout_rooms
D:2:      layout_rooms, chequers_ecumenical_altar_lobes, basic_altar,
          uniq_sigmund
D:3:      layout_rooms
D:4:      layout_basic, minmay_temple_entry_glass
D:5:      layout_basic, grunt_temple_overflow_gold_and_silver,
          grunt_temple_overflow_open, serial_shops, shop
D:6:      layout_rooms, nicolae_overflow_crystal_walls
D:7:      layout_basic, kennysheep_generic_room_11, uniq_prince_ribbit1
D:8:      gammafunk_sealed_arena, layout_layer_cave, marbit_many_paths,
          lair_entry_dummy, grunt_ministairs_15, kennysheep_generic_room_7,
          uniq_grum, uniq_pikel
D:9:      layout_long_grid, amcnicky_altar_gilded,
          nicolae_overflow_hidden_temple, erik_orc_1, st_stairs_2,
          hangedman_abyss_or_decor_passed, nzn_sisyphean_effort
D:10:     layout_rooms, serial_bayou_pond_c
D:11:     layout_long_grid, minmay_misc_feat_iff
D:12:     layout_roguey
D:13:     layout_roguey, skrybe_vaults_entry_preservation,
          portal_ice_cave_entry_animals_and_master, serial_shops, shop_statue,
          minmay_misc_feat_cross, st_stairs_1
D:14:     layout_cave_pools, enter_bailey_4, serial_park_tiny_pond,
          elyvilon_altar_1
D:15:     gammafunk_enter_depths_forms, layout_cave_pools, serial_shops, shop,
          serial_park_fountain, grunt_decor_junction, nzn_life_drinkers
Temple:   minmay_temple_curvy_loop
Lair:1:   layout_regular_city
Lair:2:   layout_chaotic_city
Lair:3:   layout_hall_layers, maelrawn_ghost_gauntlet_escape,
          serial_bayou_shore_b, grunt_megastairs_2
Lair:4:   layout_big_grid, palyth_hydra_swamp_entry,
          spider_nest_entry_web_field, eino_house_with_fridge
Lair:5:   layout_hall_layers, beast_lair_carwin_4, serial_bayou_shore_b,
          uniq_nessos
Lair:6:   due_jungle_book, layout_loops_ring, dpeg_slime_entry_corner,
          grunt_forest_stairs_basic, grunt_megastairs_3, lemuel_fruit_fields,
          serial_bayou_shore_a, uniq_snorg
Swamp:1:  layout_basic_swamp, nicolae_swamp_godswood, swamp_pool3,
          hangedman_swamp_lotus, nicolae_swamp_dense_foliage
Swamp:2:  layout_basic_swamp, ebering_ghost_reflecting_pool,
          evilmike_swamp_ruin_rubble_1, nicolae_swamp_spooky_pond
Swamp:3:  layout_falls_marsh, evilmike_swamp_ruin_house_6, swamp_pool3
Swamp:4:  swamp_fiery, layout_basic_swamp
Spider:1: layout_spider_delve, uniq_kirke
Spider:2: layout_spider_delve, nicolae_spider_twisty_arc_passages, uniq_roxanne,
          uniq_azrael, uniq_frances, uniq_arachne
Spider:3: layout_chambers, hangedman_spider_tarantella_strand
Spider:4: grunt_spider_rune_circles
Orc:1:    layout_caves, uniq_sonja, uniq_urug, uniq_josephine, uniq_fannar
Orc:2:    st_orc_elflike, layout_diamond_mine, serial_shops, shop, shop, shop,
          shop, nicolae_shop_window_shopping, elves_outpost_lemuel
Elf:1:    eino_elf_arrival_shootout, layout_geoelf_octagon,
          kennysheep_underground_church, uniq_nikola
Elf:2:    layout_loops_corners, serial_shops,
          nicolae_shop_temple_entry_statues_fountains,
          serial_sigils_hangedman_stare, lemuel_flamethrower_3
Elf:3:    minmay_elf_hall_furrowed, layout_onion_city
Vaults:1: v_alt_pattern_1, vaults_room_glass_cross, v_misc_27,
          nicolae_vaults_hallways_thing, ontoclasm_vaults_hangar,
          ontoclasm_vaults_gateway, nicolae_vaults_little_ls,
          ontoclasm_vaults_decontamination, layout_vaults_quadrants,
          serial_shops, shop, uniq_saint_roka
Vaults:2: advil_vaults_ghost_guards, ontoclasm_vaults_loading_screen,
          nicolae_vaults_little_squares_1, hangedman_vaults_locks,
          vaults_standard_mumra_enter_the_diamond, grunt_vaults_hallway_long,
          ontoclasm_vaults_eye, vaults_room_semicircle,
          vaults_dpeg_encased_lava, vaults_standard_mumra_enter_the_diamond,
          grunt_vaults_diagonal, vaults_room_pool,
          nicolae_vaults_big_angled_halls, ontoclasm_vaults_loading_screen,
          vaults_standard_mumra_lines, layout_vaults_ring, serial_shops,
          nicolae_shop_waterfront
Vaults:3: minmay_crypt_entry_nasty_monster, vaults_mumra_chevron,
          nicolae_vaults_little_squares_4, nicolae_vaults_branching_niches,
          v_misc_10, ontoclasm_vaults_pinch, serial_ice_h,
          nicolae_vaults_big_angled_halls, nicolae_vaults_little_squares_4,
          nicolae_vaults_network_quincunx
          [nicolae_vaults_network_quincunx_subvault,
          nicolae_vaults_network_quincunx_subvault,
          nicolae_vaults_network_quincunx_subvault,
          nicolae_vaults_network_quincunx_subvault,
          nicolae_vaults_network_quincunx_subvault],
          nicolae_vaults_mini_display_case, vaults_dpeg_ring,
          grunt_vaults_focal, layout_vaults_maze_snakey
Vaults:4: v_pattern_2, ontoclasm_vaults_loading_screen, st_greater_box_1,
          v_misc_15, vaults_mumra_hex, hangedman_vaults_stream,
          vaults_dpeg_cross, dpeg_vaults_monster_row, v_misc_27, v_misc_11,
          vaults_not_door_vault_mu, layout_vaults_omnicross

Notes
Turn   | Place    | Note
-------+----------+-------------------------------------------
     0 | D:1      | SJWr the Troll Monk began the quest for the Orb.
     0 | D:1      | Reached XP level 1. HP: 22/22 MP: 0/0
    40 | D:1      | Reached XP level 2. HP: 29/29 MP: 1/1
   503 | D:2      | Found a white marble altar of Elyvilon.
   592 | D:2      | Reached XP level 3. HP: 36/36 MP: 2/2
   666 | D:2      | Noticed Sigmund
   674 | D:2      | Killed Sigmund
   675 | D:2      | Reached skill level 3 in Fighting
   675 | D:2      | Reached skill level 3 in Dodging
   675 | D:2      | Reached skill level 4 in Unarmed Combat
   675 | D:2      | Reached XP level 4. HP: 31/45 MP: 3/3
   675 | D:2      | Reached XP level 5. HP: 37/53 MP: 4/4
   869 | D:2      | Found a faded altar of an unknown god.
   966 | D:2      | Reached skill level 5 in Unarmed Combat
  1255 | D:3      | Reached XP level 6. HP: 60/61 MP: 5/5
  1579 | D:4      | Found a staircase to the Ecumenical Temple.
  1593 | Temple   | Entered the Ecumenical Temple
  1814 | Temple   | Became a worshipper of Warmaster Okawaru
  1814 | Temple   | Reached * piety under Okawaru
  1814 | Temple   | Reached ** piety under Okawaru
  2004 | D:4      | Reached skill level 1 in Invocations
  2421 | D:5      | Entered Level 5 of the Dungeon
  2489 | D:5      | Reached XP level 7. HP: 66/68 MP: 6/6
  2515 | D:5      | Reached skill level 6 in Unarmed Combat
  2726 | D:5      | Found Ose Xia's Distillery.
  2775 | D:5      | Bought a potion of heal wounds for 50 gold pieces
  2915 | D:5      | Reached skill level 4 in Fighting
  2915 | D:5      | Reached skill level 4 in Dodging
  2954 | D:5      | Identified the Catalogue of Battle Magic
  3054 | D:5      | Found an opulent altar of Gozag.
  3054 | D:5      | Found a glowing silver altar of Zin.
  3223 | D:5      | Found a shadowy altar of Dithmenos.
  3226 | D:5      | Found a stormy altar of Qazlal.
  3226 | D:5      | Found an ancient bone altar of Kikubaaqudgha.
  3229 | D:5      | Found a blossoming altar of Fedhas.
  3338 | D:6      | Found a shimmering altar of Xom.
  3391 | D:6      | Reached skill level 2 in Invocations
  3466 | D:6      | Identified the +0 ring mail "Jihid" {rC+}
  3505 | D:6      | Reached XP level 8. HP: 73/79 MP: 8/8
  3508 | D:6      | Reached skill level 7 in Unarmed Combat
  3574 | D:6      | Reached *** piety under Okawaru
  3682 | D:6      | Reached skill level 1 in Throwing
  3889 | D:6      | Reached skill level 3 in Invocations
  3972 | D:6      | Reached skill level 2 in Throwing
  4325 | D:7      | Noticed Prince Ribbit
  4342 | D:7      | Killed Prince Ribbit
  4342 | D:7      | Reached **** piety under Okawaru
  4521 | D:7      | Reached skill level 5 in Fighting
  4521 | D:7      | Reached skill level 3 in Throwing
  4521 | D:7      | Reached skill level 5 in Dodging
  4521 | D:7      | Reached skill level 8 in Unarmed Combat
  4521 | D:7      | Reached XP level 9. HP: 86/88 MP: 10/10
  4972 | D:8      | Identified a potion of resistance
  5074 | D:8      | Noticed a two-headed ogre
  5090 | D:8      | Killed a two-headed ogre
  5090 | D:8      | Reached ***** piety under Okawaru
  5091 | D:8      | Reached skill level 4 in Throwing
  5091 | D:8      | Reached skill level 4 in Invocations
  5186 | D:8      | Found a transporter.
  5187 | D:8      | Noticed an ogre mage
  5188 | D:8      | Noticed a centaur warrior
  5188 | D:8      | Noticed a komodo dragon
  5189 | D:8      | Noticed Grum
  5241 | D:8      | Received a gift from Okawaru
  5248 | D:8      | Reached skill level 9 in Unarmed Combat
  5356 | D:8      | Noticed Pikel
  5385 | D:8      | Killed Pikel
  5385 | D:8      | Received a gift from Okawaru
  5386 | D:8      | Reached skill level 5 in Throwing
  5386 | D:8      | Reached XP level 10. HP: 90/97 MP: 10/12
  5615 | D:8      | Found a transporter.
  5887 | D:8      | Found an ornate altar of the Wu Jian Council.
  6190 | D:8      | Found a staircase to the Lair.
  6396 | D:9      | Identified a potion of experience
  6397 | D:9      | Reached skill level 8 in Throwing
  6397 | D:9      | Reached skill level 5 in Evocations
  6397 | D:9      | Reached XP level 11. HP: 105/105 MP: 13/13
  6503 | D:9      | Received a gift from Okawaru
  6607 | D:9      | Found the +7 captain's cutlass {speed, disarm}
  6718 | D:9      | Identified the +3 spear of Bile {vorpal, Fragile Int+6}
  6772 | D:9      | Found a hazy altar of Hepliaklqana.
  6774 | D:9      | Found a hide-covered altar of Uskayaw.
  6897 | D:9      | Reached skill level 6 in Dodging
  7263 | D:9      | Reached skill level 5 in Invocations
  7349 | D:9      | Found a staircase to the Orcish Mines.
  7469 | D:9      | Found a sacrificial altar of Ru.
  7480 | D:9      | Noticed a boulder beetle
  7494 | D:9      | Killed a boulder beetle
  7494 | D:9      | Received a gift from Okawaru
  7495 | D:9      | Reached skill level 6 in Fighting
  7845 | D:10     | Entered Level 10 of the Dungeon
  8084 | D:10     | Reached skill level 9 in Throwing
  8084 | D:10     | Reached skill level 10 in Unarmed Combat
  8511 | Lair:1   | Entered Level 1 of the Lair of Beasts
  9216 | Lair:1   | Reached XP level 12. HP: 113/115 MP: 15/15
  9295 | Lair:1   | Received a gift from Okawaru
  9359 | Lair:1   | Reached skill level 6 in Invocations
  9815 | Lair:1   | Identified the +8 dagger of Zuat {antimagic, Fragile rC+
                  | Int+3 SInv}
  9849 | Lair:2   | Noticed a six-headed hydra
  9853 | Lair:2   | Killed a six-headed hydra
  9854 | Lair:2   | Reached skill level 11 in Unarmed Combat
  9987 | Lair:2   | Reached skill level 7 in Dodging
  9994 | Lair:2   | Received a gift from Okawaru
 10120 | Lair:2   | Reached skill level 7 in Fighting
 10163 | Lair:2   | You fall into a shaft and drop 2 floors!
 10177 | Lair:4   | Noticed a catoblepas
 10714 | Lair:3   | Noticed Ruicvywi's ghost (journeyman OgTm)
 10719 | Lair:3   | Noticed a minotaur
 10734 | Lair:3   | Received a gift from Okawaru
 10860 | Lair:3   | Found a runed translucent gate.
 10860 | Lair:3   | Found a runed translucent gate.
 10860 | Lair:3   | Found a runed translucent gate.
 10916 | Lair:3   | Identified a scroll of acquirement
 10916 | Lair:3   | Acquired a +4 ring of evasion
 11608 | Lair:4   | Killed a catoblepas
 11608 | Lair:4   | Received a gift from Okawaru
 11608 | Lair:4   | Reached ****** piety under Okawaru
 11691 | Lair:4   | Noticed a six-headed hydra
 11694 | Lair:4   | Killed a six-headed hydra
 11747 | Lair:4   | Reached skill level 7 in Invocations
 11796 | Lair:4   | Reached skill level 12 in Unarmed Combat
 11796 | Lair:4   | Noticed a five-headed hydra
 11796 | Lair:4   | Noticed a five-headed hydra
 11806 | Lair:4   | Killed a five-headed hydra
 11806 | Lair:4   | Killed a five-headed hydra
 11847 | Lair:4   | Found a staircase to the Swamp.
 11928 | Lair:4   | Received a gift from Okawaru
 12020 | Lair:4   | Found a hole to the Spider Nest.
 12334 | Lair:4   | Reached XP level 13. HP: 127/127 MP: 17/17
 12860 | Lair:5   | Noticed Nessos
 12885 | Lair:5   | Killed Nessos
 13025 | Lair:5   | Reached skill level 8 in Dodging
 13644 | Lair:6   | Entered Level 6 of the Lair of Beasts
 13788 | Lair:6   | Reached skill level 8 in Fighting
 13881 | Lair:6   | HP: 11/127 [seven-headed hydra (7)]
 13881 | Lair:6   | HP: 2/127 [seven-headed hydra (7)]
 13889 | Lair:6   | Reached skill level 13 in Unarmed Combat
 13965 | Lair:6   | Reached skill level 8 in Invocations
 14151 | Lair:6   | Noticed Snorg
 14296 | Lair:6   | Killed Snorg
 14335 | Lair:6   | Received a gift from Okawaru
 14677 | Lair:6   | Found a staircase to the Slime Pits.
 14753 | Lair:6   | Noticed a dire elephant
 14754 | Lair:6   | Noticed a dire elephant
 15012 | Lair:6   | Received a gift from Okawaru
 15013 | Lair:6   | Reached XP level 14. HP: 117/137 MP: 19/19
 15079 | Lair:6   | Reached skill level 9 in Dodging
 15088 | Lair:6   | Reached skill level 14 in Unarmed Combat
 15109 | Lair:6   | Identified the +3 hand crossbow of Okawaru's Delight {elec,
                  | rElec rCorr Int-4 Dex+6} (Okawaru gifted it to you on level
                  | 6 of the Lair of Beasts)
 15109 | Lair:6   | Received a gift from Okawaru
 15110 | Lair:6   | Reached skill level 9 in Fighting
 15334 | Lair:6   | Upgraded the game from 0.27-a0-1186-g8b4daa1eef to
                  | 0.27-a0-1188-g73eefd5def
 16000 | D:11     | Identified the +1 robe of Parlour Games {Rampage rPois
                  | rCorr Dex-5} (Okawaru gifted it to you on level 11 of the
                  | Dungeon)
 16000 | D:11     | Received a gift from Okawaru
 17066 | Orc:1    | Entered Level 1 of the Orcish Mines
 17073 | Orc:1    | Reached skill level 15 in Unarmed Combat
 17118 | Orc:1    | Noticed an orc warlord
 17179 | D:9      | Killed an orc warlord
 17454 | Orc:2    | Entered Level 2 of the Orcish Mines
 17454 | Orc:2    | Found a staircase to the Elven Halls.
 17569 | Orc:2    | Noticed Fannar
 17589 | Orc:2    | Killed Fannar
 17620 | Orc:2    | Found Agunuf's Weapon Emporium.
 17653 | Orc:2    | Noticed an orc warlord
 17705 | Orc:1    | Killed an orc warlord
 17739 | Orc:2    | Reached skill level 10 in Dodging
 17832 | Orc:2    | Found Xarer's Magic Scroll Shop.
 17840 | Orc:2    | Upgraded the game from 0.27-a0-1188-g73eefd5def to
                  | 0.27-a0-1191-g601b473118
 17841 | Orc:2    | Found Nimaho's Weapon Emporium.
 17843 | Orc:2    | Found Kukhiw's Assorted Antiques.
 17880 | Orc:1    | Noticed Urug
 17881 | Orc:1    | Noticed Sonja
 17884 | Orc:1    | Identified a +2 robe of resistance
 17884 | Orc:1    | Noticed Josephine
 17888 | Orc:1    | Killed Sonja
 17889 | Orc:1    | Reached skill level 10 in Fighting
 17899 | Orc:1    | Killed Josephine
 17932 | Orc:1    | Identified the +0 robe of the Bagpipe {rF- Str+7} (Okawaru
                  | gifted it to you on level 1 of the Orcish Mines)
 17932 | Orc:1    | Received a gift from Okawaru
 18070 | Orc:1    | Killed Urug
 18312 | Orc:2    | Reached XP level 15. HP: 128/131 MP: 20/20
 18534 | Orc:2    | Reached skill level 16 in Unarmed Combat
 18537 | Orc:2    | Paralysed by an orc sorcerer for 5 turns
 18775 | Orc:2    | Found Gipot's Antique Armour Emporium.
 18918 | Orc:2    | Found Beeggiv's Assorted Antiques.
 18918 | Orc:2    | Found Kopsuf's Jewellery Shoppe.
 18919 | Orc:2    | Found Qogeexat's Jewellery Boutique.
 18919 | Orc:2    | Found Guty's Book Boutique.
 19160 | Orc:2    | Bought the amulet of Unoeliak {Reflect Slay+5 SH+5} for 928
                  | gold pieces
 19215 | Orc:2    | Bought a slimy robe for 222 gold pieces
 19215 | Orc:2    | Identified the +1 robe "Kowkeusk" {*Corrode Will+ Stlth+}
                  | (You bought it in a shop on level 2 of the Orcish Mines)
 19255 | Orc:2    | Bought a ring of see invisible for 210 gold pieces
 19534 | D:13     | Found a gate to the Vaults.
 19585 | D:13     | Received a gift from Okawaru
 19961 | D:13     | Found a frozen archway.
 19989 | IceCv    | Entered an ice cave
 20388 | IceCv    | Received a gift from Okawaru
 20595 | IceCv    | Noticed a frost giant
 20613 | IceCv    | Killed a frost giant
 21033 | D:13     | Found Gubar's Jewellery Boutique.
 21509 | D:14     | Found a white marble altar of Elyvilon.
 21634 | D:14     | Found a flagged portal.
 21651 | Bailey   | Entered a bailey
 21725 | Bailey   | Reached skill level 11 in Dodging
 21897 | Bailey   | Reached skill level 17 in Unarmed Combat
 21901 | Bailey   | Identified a +0 crystal plate armour
 21969 | Bailey   | Reached skill level 11 in Fighting
 22178 | D:14     | Reached skill level 1 in Shields
 22283 | D:14     | Reached skill level 2 in Shields
 22668 | D:15     | Entered Level 15 of the Dungeon
 22712 | D:15     | Reached XP level 16. HP: 163/163 MP: 21/21
 22726 | D:15     | Reached skill level 3 in Shields
 22989 | D:15     | Reached skill level 4 in Shields
 23003 | D:15     | Identified the +0 robe "Houz Vupt" {Drain Str+4 Stlth+}
                  | (Okawaru gifted it to you on level 15 of the Dungeon)
 23003 | D:15     | Received a gift from Okawaru
 23222 | D:15     | Found a staircase to the Depths.
 23294 | D:15     | Reached skill level 12 in Fighting
 23299 | D:15     | Reached skill level 5 in Shields
 23433 | D:15     | Found Qublewk's Antique Armour Shoppe.
 23827 | Spider:1 | Entered Level 1 of the Spider Nest
 23832 | Spider:1 | Noticed Kirke
 24004 | Lair:4   | Killed Kirke
 24005 | Lair:4   | Reached skill level 1 in Armour
 24074 | Spider:1 | Reached skill level 6 in Shields
 24145 | Spider:1 | Reached skill level 2 in Armour
 24724 | Spider:2 | Reached skill level 7 in Shields
 24740 | Spider:2 | Noticed Frances
 24779 | Spider:2 | Killed Frances
 24780 | Spider:2 | Reached skill level 3 in Armour
 24891 | Spider:2 | Noticed Arachne
 24914 | Spider:2 | Killed Arachne
 24915 | Spider:2 | Reached skill level 13 in Fighting
 25013 | Spider:2 | Noticed Azrael
 25020 | Spider:2 | Killed Azrael
 25144 | Spider:2 | Reached skill level 8 in Shields
 25146 | Spider:2 | Noticed Roxanne
 25161 | Spider:2 | Killed Roxanne
 25162 | Spider:2 | Reached skill level 4 in Armour
 25533 | Spider:2 | Received a gift from Okawaru
 25729 | Spider:3 | Acquired 697 gold pieces
 25984 | Spider:3 | Reached XP level 17. HP: 142/179 MP: 0/22
 26186 | Spider:3 | Reached skill level 9 in Shields
 26358 | Spider:3 | Reached skill level 5 in Armour
 26509 | Spider:3 | Reached skill level 14 in Fighting
 27239 | Spider:4 | Entered Level 4 of the Spider Nest
 27333 | Spider:4 | Reached skill level 6 in Armour
 27689 | Spider:3 | Received a gift from Okawaru
 27777 | Spider:4 | Reached skill level 15 in Fighting
 27788 | Spider:4 | Reached skill level 7 in Armour
 27990 | Spider:4 | Identified the +1 robe "Iprowudd" {Dex+4} (Okawaru gifted
                  | it to you on level 4 of the Spider Nest)
 27990 | Spider:4 | Received a gift from Okawaru
 28268 | Spider:4 | Got a gossamer rune of Zot
 28383 | Spider:4 | Acquired 668 gold pieces
 28538 | Swamp:1  | Entered Level 1 of the Swamp
 28709 | Swamp:1  | Reached skill level 8 in Armour
 28975 | Swamp:1  | Found a stormy altar of Qazlal.
 29792 | Swamp:2  | Found a runed translucent door.
 29801 | Swamp:2  | Noticed MisterLeisureLearns's ghost (adept MiBe)
 29880 | Swamp:2  | Reached XP level 18. HP: 196/196 MP: 23/23
 29933 | Swamp:2  | Reached skill level 16 in Fighting
 29933 | Swamp:2  | Reached skill level 9 in Armour
 30173 | Swamp:2  | Killed MisterLeisureLearns's ghost
 30484 | Swamp:3  | Received a gift from Okawaru
 30784 | Swamp:4  | Entered Level 4 of the Swamp
 30869 | Swamp:4  | Paralysed by a hornet for 2 turns
 31206 | Swamp:4  | Noticed a tentacled monstrosity
 31225 | Swamp:3  | Killed a tentacled monstrosity
 31226 | Swamp:3  | Reached skill level 10 in Armour
 31318 | Swamp:4  | Received a gift from Okawaru
 31859 | Swamp:4  | Got a decaying rune of Zot
 32238 | Vaults:1 | Entered Level 1 of the Vaults
 32697 | Vaults:1 | Noticed Saint Roka
 32741 | Vaults:1 | Killed Saint Roka
 32741 | Vaults:1 | Received a gift from Okawaru
 32967 | Vaults:1 | Found Hell's Book Shop.
 33176 | Vaults:1 | Received a gift from Okawaru
 33186 | Vaults:1 | Reached skill level 11 in Armour
 33194 | Vaults:1 | HP: 16/198 [vault warden/+4 great mace of protection (29)]
 33296 | Vaults:1 | Received a gift from Okawaru
 33297 | Vaults:1 | Reached skill level 17 in Fighting
 34125 | Vaults:2 | Found Wetru's Distillery.
 34235 | Vaults:2 | Reached XP level 19. HP: 209/209 MP: 24/24
 34260 | Vaults:2 | Received a gift from Okawaru
 34572 | Vaults:2 | Found a large runed translucent door.
 34572 | Vaults:2 | Found a large runed translucent door.
 34572 | Vaults:2 | Noticed DizzySkin's ghost (veteran MiBe)
 34573 | Vaults:2 | Found the +15 Maxwell's patent armour {-Cast -Tele rElec
                  | Will+ rCorr}
 35279 | Vaults:3 | Reached skill level 12 in Armour
 35693 | Vaults:3 | Found a staircase to the Crypt.
 36144 | Vaults:3 | Identified the +1 hat of Honour {Will+++ Regen+ Dex-4}
                  | (Okawaru gifted it to you on level 3 of the Vaults)
 36144 | Vaults:3 | Received a gift from Okawaru
 36725 | Vaults:4 | Reached skill level 18 in Fighting
 36930 | Vaults:4 | Identified the +5 long sword of Pyromania {pain, rF+}
                  | (Okawaru gifted it to you on level 4 of the Vaults)
 36930 | Vaults:4 | Received a gift from Okawaru
 36931 | Vaults:4 | Reached XP level 20. HP: 216/221 MP: 25/25
 36987 | Vaults:4 | Reached skill level 13 in Armour
 36987 | Vaults:4 | Reached skill level 18 in Unarmed Combat
 37218 | Vaults:4 | Received a gift from Okawaru
 37241 | Vaults:4 | Identified the ring "Wuptuhit" {rF+ Will+ SInv}
 37248 | Vaults:4 | Upgraded the game from 0.27-a0-1191-g601b473118 to
                  | 0.27-a0-1193-g8631133539
 38109 | Vaults:4 | Found a huge runed gate.
 38109 | Vaults:4 | Found a huge runed gate.
 38110 | Vaults:4 | Found a huge runed gate.
 38110 | Vaults:4 | Identified the +6 plate armour of Paranoia {rF+ Regen+
                  | Int-3}
 38112 | Vaults:4 | Found a huge runed gate.
 38113 | Vaults:4 | Found a huge runed gate.
 38113 | Vaults:4 | Found a huge runed gate.
 38114 | Vaults:4 | Found a huge runed gate.
 38114 | Vaults:4 | Found a huge runed gate.
 38114 | Vaults:4 | Found a huge runed gate.
 38114 | Vaults:4 | Found a huge runed gate.
 38120 | Vaults:4 | Found a huge runed gate.
 38120 | Vaults:4 | Found a huge runed gate.
 38120 | Vaults:4 | Found a huge runed gate.
 38120 | Vaults:4 | Found a huge runed gate.
 38120 | Vaults:4 | Found a huge runed gate.
 38120 | Vaults:4 | Found a huge runed gate.
 38121 | Vaults:4 | Found a huge runed gate.
 38122 | Vaults:4 | Found a huge runed gate.
 38123 | Vaults:4 | Found a huge runed gate.
 38131 | Vaults:4 | Found a huge runed gate.
 38131 | Vaults:4 | Found a huge runed gate.
 38131 | Vaults:4 | Found a huge runed gate.
 38131 | Vaults:4 | Found a huge runed gate.
 38131 | Vaults:4 | Found a huge runed gate.
 38131 | Vaults:4 | Found a huge runed gate.
 38132 | Vaults:4 | Found a huge runed gate.
 38133 | Vaults:4 | Found a huge runed gate.
 38134 | Vaults:4 | Found a huge runed gate.
 38142 | Vaults:4 | Found a huge runed gate.
 38142 | Vaults:4 | Found a huge runed gate.
 38142 | Vaults:4 | Found a huge runed gate.
 38142 | Vaults:4 | Found a huge runed gate.
 38142 | Vaults:4 | Found a huge runed gate.
 38142 | Vaults:4 | Found a huge runed gate.
 38143 | Vaults:4 | Found a huge runed gate.
 38144 | Vaults:4 | Found a huge runed gate.
 38214 | Vaults:4 | Reached skill level 19 in Unarmed Combat
 38269 | Vaults:4 | Received a gift from Okawaru
 38426 | Vaults:4 | Received a gift from Okawaru
 38599 | Vaults:4 | Found the ring of the Mage {Wiz Will++ Int+3}
 39020 | Elf:1    | Entered Level 1 of the Elven Halls
 39244 | Elf:1    | Noticed Nikola
 39271 | Elf:1    | Killed Nikola
 39505 | Elf:1    | Reached XP level 21. HP: 199/231 MP: 26/26
 39771 | Elf:1    | Received a gift from Okawaru
 39913 | Elf:2    | Received a gift from Okawaru
 39917 | Elf:2    | Found Canlae's Magic Scroll Emporium.
 40007 | Elf:2    | Received a gift from Okawaru
 40236 | Elf:2    | Received a gift from Okawaru
 40242 | Elf:2    | Reached skill level 14 in Armour
 40529 | Elf:2    | Found a runed translucent door.
 40555 | Elf:2    | Found a runed translucent door.
 40877 | Elf:2    | Reached skill level 20 in Unarmed Combat
 41311 | Elf:3    | Entered Level 3 of the Elven Halls
 41763 | Elf:3    | Received a gift from Okawaru
 41969 | Elf:3    | Reached skill level 10 in Throwing
 41985 | Elf:3    | Received a gift from Okawaru
 42005 | Elf:3    | HP: 20/232 [deep elf annihilator/crystal spear (45)]
 42006 | Elf:3    | HP: 8/232 [deep elf sorcerer/bolt of acid (15)]
 42006 | Elf:3    | Splashed by a deep elf sorcerer's acid

Vanquished Creatures
  Saint Roka (Vaults:1)
  Nikola (Elf:1)
  Arachne (Spider:2)
  A tentacled monstrosity (Swamp:3)
  2 liches
  3 deep elf master archers (Elf:3)
  Frances (Spider:2)
  A sphinx (Vaults:3)
  A quicksilver dragon (Vaults:3)
  4 deep elf blademasters
  The ghost of MisterLeisureLearns the Warrior, an adept MiBe of Trog (Swamp:2)
  A tengu reaver (Vaults:3)
  Kirke (Lair:4)
  A storm dragon (Vaults:4)
  2 fenstrider witches
  Roxanne (Spider:2)
  4 deep elf sorcerers
  2 fire giants (Vaults:4)
  7 emperor scorpions
  4 ghost moths
  A frost giant (IceCv)
  5 orc warlords
  12 ironbound preservers
  10 vault wardens
  2 deep elf elementalists (Elf:3)
  7 very ugly things
  An iron dragon (Vaults:4)
  A stone giant (Vaults:3)
  A war gargoyle (Vaults:4)
  A vampire knight (Vaults:4)
  A deep elf demonologist (Elf:2)
  7 entropy weavers
  Azrael (Spider:2)
  Nessos (Lair:5)
  2 dire elephants (Vaults:4)
  7 bunyips
  9 deep elf annihilators
  Snorg (Lair:6)
  A spark wasp (Spider:3)
  3 ettins
  A deep elf death mage (Elf:3)
  6 eleionomae
  3 fire dragons (Swamp:4)
  9 yaktaur captains
  5 deep elf high priests
  Josephine (Orc:1)
  Fannar (Orc:2)
  A shambling mangrove (Swamp:4)
  4 great orbs of eyes
  10 vault guards
  16 hydras
  A catoblepas (Lair:4)
  A ghost crab (Swamp:1)
  4 ironbound thunderhulks
  7 boulder beetles
  17 centaur warriors
  2 peacekeepers
  A spriggan air mage (Swamp:3)
  An ogre mage (Vaults:1)
  26 dancing weapons
  6 alligators
  A satyr (shapeshifter) (D:14)
  5 ironbound frosthearts
  A death knight (D:15)
  A vampire mage (D:15)
  7 two-headed ogres
  A deep troll earth mage (Vaults:1)
  2 death yaks (Lair:6)
  5 orc high priests
  An ironbound beastmaster (Vaults:4)
  Urug (Orc:1)
  A hell knight (Vaults:4)
  20 deep elf knights
  Sonja (Orc:1)
  2 spectral death yaks (Lair:6)
  A shadow wraith (Vaults:4)
  10 skeletal warriors
  34 deep trolls
  A spectral anaconda (Lair:6)
  5 goliath frogs
  3 spriggan druids
  5 swamp dragons
  18 orc knights
  A glowing orange brain (Vaults:3)
  Pikel (D:8)
  27 deep elf zephyrmancers
  A harpy (shapeshifter) (D:15)
  An obsidian statue (Lair:6)
  9 wizards
  10 harpies
  12 ironbound convokers
  A phantasmal warrior (Vaults:4)
  25 orb spiders
  A golden dragon skeleton (Vaults:4)
  5 bog bodies
  13 deep elf archers
  2 lindwurms (Swamp:4)
  5 necromancers
  24 deep elf pyromancers
  2 manticores (D:13)
  A shining eye (shapeshifter) (Vaults:4)
  20 wolf spiders
  3 cyclopes
  28 ugly things
  8 orc sorcerers
  3 moths of wrath (Spider:3)
  4 will-o-the-wisps
  20 elephants
  A stone giant zombie (Vaults:4)
  18 vault sentinels
  3 black mambas
  2 ice statues (IceCv)
  A black mamba (shapeshifter) (D:14)
  2 gargoyles
  A human skeleton (Vaults:4)
  2 torpor snails
  11 cane toads
  An elf skeleton (Vaults:4)
  2 dire elephant skeletons (Lair:6)
  2 unseen horrors
  6 komodo dragons
  3 rime drakes
  23 yaktaurs
  An efreet (D:14)
  2 freezing wraiths
  6 demonic crawlers
  A polar bear (shapeshifter) (D:15)
  16 polar bears
  7 tyrant leeches
  A bloated husk (Swamp:1)
  3 meliai (D:13)
  6 trolls
  31 jumping spiders
  A wind drake (shapeshifter) (D:12)
  Prince Ribbit (D:7)
  18 hornets
  7 blink frogs
  27 slime creatures
  7 dream sheep
  A spectral elephant (Lair:6)
  2 water elementals
  61 redbacks
  8 spriggans
  2 shadows
  An air elemental (Elf:1)
  A tarantella (shapeshifter) (Vaults:4)
  Sigmund (D:2)
  A dire elephant simulacrum (Lair:6)
  A yak (shapeshifter) (Elf:3)
  19 tarantellas
  A vampire (D:11)
  5 basilisks
  7 wraiths
  47 yaks
  5 fire elementals
  4 wyverns
  3 hogs
  3 steam dragons
  4 vampire mosquitoes
  19 swamp worms
  A death yak simulacrum (Lair:6)
  6 wargs
  4 spectral cane toads (Lair:6)
  An acid dragon (shapeshifter) (Vaults:4)
  2 hell hounds (Spider:2)
  20 water moccasins
  62 orc warriors
  A sky beast (D:6)
  3 elephant zombies (Lair:6)
  A necrophage (D:8)
  A black bear (Lair:1)
  3 ice beasts
  6 swamp drakes
  11 ogres
  10 centaurs
  17 wolves
  2 lemures (D:8)
  3 phantoms
  A kobold brigand (D:6)
  12 bullfrogs
  2 gnoll sergeants
  2 earth elementals
  2 cane toad simulacra (Lair:6)
  2 scorpions
  A water moccasin zombie (D:6)
  An elephant simulacrum (Lair:6)
  9 killer bees (D:8)
  5 wights (D:9)
  4 electric eels
  2 howler monkeys
  4 jellies
  3 centaur zombies
  A gnoll shaman (D:6)
  21 orc priests
  2 hounds (D:5)
  A bullfrog skeleton (D:6)
  4 iguanas
  27 orc wizards
  4 yak simulacra (Lair:4)
  A polar bear simulacrum (Lair:4)
  A killer bee zombie (D:8)
  A wolf simulacrum (Lair:4)
  A hound skeleton (D:5)
  A howler monkey zombie (D:7)
  14 gnolls
  10 adders
  A shadow imp (D:7)
  3 white imps
  An ufetubus (D:4)
  2 dart slugs
  104 orcs
  6 ball pythons
  7 endoplasms
  A giant cockroach (D:3)
  5 goblins
  9 hobgoblins
  2 jackals (D:1)
  3 quokkas (D:1)
  A bat (D:1)
  2 frilled lizards
  10 kobolds
  A rat (D:1)
  5 river rat simulacra (Lair:4)
  13 butterflies
1468 creatures vanquished.

Vanquished Creatures (collateral kills)
  A hydra (Lair:2)
  A water moccasin (Lair:2)
  3 butterflies (Vaults:4)
5 creatures vanquished.

Vanquished Creatures (others)
  A dancing weapon (Elf:1)
  2 swamp dragons (Swamp:4)
  A lindwurm (Swamp:4)
  2 deep elf zephyrmancers
  A will-o-the-wisp (Swamp:1)
  2 bloated husks
  2 steam dragons (Swamp:4)
  5 swamp drakes (Swamp:4)
  An orc (Elf:2)
  10 foxfires
  22 fungi
  51 plants
  13 withered plants (Lair:6)
113 creatures vanquished.

Grand Total: 1586 creatures vanquished

Table legend: (Time is in decaauts)
 A = Elapsed time spent in this place.
 B = Non-inter-level travel time spent in this place.
 C = Inter-level travel time spent in this place.
 D = Time resting spent in this place.
 E = Time spent auto-exploring this place.
 F = Levels seen in this place.
 G = Mean time per level.
                   A        B        C        D        E       F      G
               +--------+--------+--------+--------+--------+-----+--------+
         Total |  41069 |  37781 |   3288 |   1097 |  26787 |  41 | 1001.7 |
       Dungeon |  13079 |  11829 |   1250 |    110 |   9065 |  15 |  871.9 |
        Temple |    262 |    221 |     41 |      0 |    202 |   1 |  262.0 |
          Lair |   7402 |   6669 |    733 |    234 |   5074 |   6 | 1233.7 |
         Swamp |   3654 |   3419 |    235 |     34 |   2475 |   4 |  913.5 |
   Spider Nest |   4271 |   3967 |    304 |     69 |   2695 |   4 | 1067.8 |
  Orcish Mines |   1967 |   1709 |    258 |    129 |    873 |   2 |  983.5 |
   Elven Halls |   2826 |   2677 |    149 |    217 |   1634 |   3 |  942.0 |
        Vaults |   6279 |   5963 |    316 |    303 |   4059 |   4 | 1569.8 |
        Bailey |    491 |    491 |      0 |      0 |    234 |   1 |  491.0 |
      Ice Cave |    835 |    835 |      0 |      0 |    474 |   1 |  835.0 |
               +--------+--------+--------+--------+--------+-----+--------+

Top non-repeatable levels by time:
Vaults:4: 1896 daAuts
     D:9: 1881 daAuts
Vaults:1: 1799 daAuts
Spider:3: 1728 daAuts
  Lair:6: 1593 daAuts
   Elf:2: 1462 daAuts
     D:8: 1458 daAuts
  Lair:1: 1439 daAuts
   Orc:2: 1433 daAuts
  Lair:4: 1372 daAuts
Vaults:3: 1334 daAuts
Vaults:2: 1248 daAuts
 Swamp:4: 1226 daAuts
  Lair:5: 1169 daAuts
    D:13: 1124 daAuts

Table legend:
 A = Non-vault XP
 B = Vault XP
 C = Vault XP percentage of total XP
 D = Non-vault monster count
 E = Vault monster count
 F = Vault count percentage of total count
                 A         B        C        D         E       F
            +---------+---------+-------+---------+---------+-------
      Total |  345902 |  335578 |  49.2 |     933 |     527 |  36.1
            +---------+---------+-------+---------+---------+-------
        D:1 |      35 |       0 |   0.0 |      19 |       0 |   0.0
        D:2 |      89 |     208 |  70.0 |      13 |       1 |   7.1
        D:3 |     106 |       0 |   0.0 |      14 |       0 |   0.0
        D:4 |     265 |       0 |   0.0 |      15 |       0 |   0.0
        D:5 |     449 |       0 |   0.0 |       8 |       0 |   0.0
        D:6 |    1217 |       0 |   0.0 |      27 |       0 |   0.0
        D:7 |     562 |     402 |  41.7 |      11 |       2 |  15.4
        D:8 |    2310 |    1102 |  32.3 |      28 |       6 |  17.6
        D:9 |    5390 |    1876 |  25.8 |      39 |      20 |  33.9
       D:10 |    1354 |       0 |   0.0 |      16 |       0 |   0.0
       D:11 |    6523 |       0 |   0.0 |      16 |       0 |   0.0
       D:12 |    5574 |       0 |   0.0 |      17 |       0 |   0.0
       D:13 |    6697 |    8073 |  54.7 |      18 |      17 |  48.6
       D:14 |    8498 |      12 |   0.1 |      18 |       5 |  21.7
       D:15 |   11772 |    6085 |  34.1 |      24 |      12 |  33.3
     Lair:1 |    6630 |       0 |   0.0 |      32 |       0 |   0.0
     Lair:2 |    3535 |       0 |   0.0 |      16 |       0 |   0.0
     Lair:3 |     899 |     746 |  45.3 |       7 |       2 |  22.2
     Lair:4 |    6570 |    5891 |  47.3 |      22 |      19 |  46.3
     Lair:5 |    2882 |    2595 |  47.4 |       7 |       6 |  46.2
     Lair:6 |   11637 |   16719 |  59.0 |      34 |      40 |  54.1
    Swamp:1 |    7976 |       0 |   0.0 |      20 |       0 |   0.0
    Swamp:2 |   14052 |    7075 |  33.5 |      22 |       7 |  24.1
    Swamp:3 |   14347 |       0 |   0.0 |      21 |       0 |   0.0
    Swamp:4 |   13985 |   13145 |  48.5 |      23 |      22 |  48.9
   Spider:1 |   13611 |     402 |   2.9 |      40 |       2 |   4.8
   Spider:2 |    9756 |   10144 |  51.0 |      27 |       9 |  25.0
   Spider:3 |   26418 |    2918 |   9.9 |      55 |       5 |   8.3
   Spider:4 |   10908 |   20219 |  65.0 |      27 |      35 |  56.5
      Orc:1 |    4890 |    3703 |  43.1 |      32 |       8 |  20.0
      Orc:2 |    5500 |   14264 |  72.2 |      52 |      34 |  39.5
      Elf:1 |   18161 |    8968 |  33.1 |      30 |       9 |  23.1
      Elf:2 |   21062 |   25505 |  54.8 |      35 |      30 |  46.2
      Elf:3 |   10713 |   35516 |  76.8 |      16 |      21 |  56.8
   Vaults:1 |   18801 |   14476 |  43.5 |      31 |      24 |  43.6
   Vaults:2 |   10401 |   24524 |  70.2 |      13 |      29 |  69.0
   Vaults:3 |   15767 |   36637 |  69.9 |      25 |      37 |  59.7
   Vaults:4 |   46560 |   62848 |  57.4 |      63 |      63 |  50.0
     Bailey |       0 |    2170 | 100.0 |       0 |      26 | 100.0
      IceCv |       0 |    9355 | 100.0 |       0 |      36 | 100.0
            +---------+---------+-------+---------+---------+-------
